[Event "18th Caspian Cup-A 2020"]
[Site "Rasht"]
[Date "2020.02.16"]
[Round "4.2"]
[White "Daghli, Arash"]
[Black "Pourramezanali, Amirreza"]
[Result "1/2-1/2"]
[ECO "E46"]
[WhiteElo "2424"]
[BlackElo "2497"]
[Annotator "ChessBase"]
[PlyCount "108"]
[EventDate "2020.02.14"]
[EventType "swiss"]
[EventCountry "IRI"]
[SourceTitle "playchess.com"]
[Source "ChessBase"]
[SourceQuality "1"]
[TimeControl "5400+30"]

1. d4 e6 2. c4 Nf6 3. Nc3 Bb4 4. e3 O-O 5. Nge2 c6 6. a3 Ba5 7. c5 d5 8. cxd6 Qxd6 9. b4 Bb6 10. Bb2 a5 11. b5 Nbd7 12. g3 cxb5 13. Bg2 a4 14. O-O Bd8 15. Nxb5 Qa6 16. Nec3 Nb6 17. Re1 Nc4 18. Qe2 Nxb2 19. Qxb2 Bd7 20. Bf1 Qa5 21. Nd6 Bc6 22. Nxb7 Bxb7 23. Qxb7 Bb6 24. Rec1 Rfb8 25. Qf3 Bd8 26. Nb5 Ra6 27. Rc6 Rxc6 28. Qxc6 Be7 29. Rc1 Bf8 30. Rb1 h5 31. Qc2 Nd5 32. h4 Nc7 33. Nxc7 Rxb1 34. Qxb1 Qxc7 35. Qb5 g6 36. Qxa4 Qd6 37. Qe8 Qxa3 38. Kg2 Kg7 39. Be2 Qd6 40. Bf3 Be7 41. Qb5 Bf6 42. d5 e5 43. Qc6 Be7 44. Qxd6 Bxd6 45. Be2 e4 46. Bb5 Kf6 47. Be8 Ke7 48. Ba4 Kf6 49. Kf1 g5 50. hxg5+ Kxg5 51. Bc2 f5 52. Kg2 h4 53. gxh4+ Kxh4 54. f4 exf3+ 1/2-1/2

[Event "18th Caspian Cup-A 2020"]
[Site "Rasht"]
[Date "2020.02.16"]
[Round "4.3"]
[White "Daneshvar, Bardiya"]
[Black "Babujian, Levon"]
[Result "1-0"]
[ECO "D36"]
[WhiteElo "2327"]
[BlackElo "2487"]
[Annotator "ChessBase"]
[PlyCount "69"]
[EventDate "2020.02.14"]
[EventType "swiss"]
[EventCountry "IRI"]
[SourceTitle "playchess.com"]
[Source "ChessBase"]
[SourceQuality "1"]
[TimeControl "5400+30"]

1. d4 Nf6 2. c4 e6 3. Nc3 d5 4. cxd5 exd5 5. Bg5 c6 6. Qc2 Be7 7. e3 Nbd7 8. Bd3 Nh5 9. Bxe7 Qxe7 10. Nge2 Nb6 11. O-O-O Nf6 12. Kb1 Be6 13. h3 O-O-O 14. Na4 Nxa4 15. Qxa4 Kb8 16. Rc1 Qd7 17. g4 h5 18. f3 hxg4 19. hxg4 g5 20. Qb4 Qc7 21. Qe1 Bc8 22. Qf2 Rde8 23. Ng3 Qe7 24. Rxh8 Rxh8 25. Rh1 Re8 26. Re1 a6 27. Bf5 Ka7 28. Bxc8 Rxc8 29. Nf5 Qc7 30. Rh1 c5 31. dxc5 Qxc5 32. Qd2 Nd7 33. Qd4 Ne5 34. Ne7 Qxd4 35. Nxc8+ 1-0

[Event "18th Caspian Cup-A 2020"]
[Site "Rasht"]
[Date "2020.02.16"]
[Round "4.4"]
[White "Rasulov, Vugar"]
[Black "Omidi, Arya"]
[Result "1-0"]
[ECO "D70"]
[WhiteElo "2476"]
[BlackElo "2317"]
[Annotator "ChessBase"]
[PlyCount "83"]
[EventDate "2020.02.14"]
[EventType "swiss"]
[EventCountry "IRI"]
[SourceTitle "playchess.com"]
[Source "ChessBase"]
[SourceQuality "1"]
[TimeControl "5400+30"]

1. d4 Nf6 2. c4 g6 3. Nf3 Bg7 4. g3 O-O 5. Bg2 d6 6. O-O Nbd7 7. Qc2 e5 8. Rd1 Re8 9. Nc3 exd4 10. Nxd4 c6 11. b3 Nc5 12. e4 Qc7 13. h3 Bd7 14. Be3 Rad8 15. Re1 h5 16. b4 Ne6 17. Rad1 Nxd4 18. Bxd4 Be6 19. Bf1 Nd7 20. Bxg7 Kxg7 21. Ne2 Kg8 22. Nd4 Nf8 23. Qc3 a6 24. Nb3 Qe7 25. h4 Bg4 26. f3 Bc8 27. Qd2 Qc7 28. Kh2 Ne6 29. Re3 Ng7 30. Rd3 f5 31. c5 d5 32. exd5 cxd5 33. Rxd5 Rxd5 34. Qxd5+ Be6 35. Qd2 f4 36. Qxf4 Qxf4 37. gxf4 Nf5 38. Re1 Kf8 39. Bd3 Nxh4 40. Nd4 Bxa2 41. Rxe8+ Kxe8 42. Be4 1-0

[Event "18th Caspian Cup-A 2020"]
[Site "Rasht"]
[Date "2020.02.16"]
[Round "4.5"]
[White "Yeritsyan, Hayk"]
[Black "Quparadze, Giga"]
[Result "1/2-1/2"]
[ECO "A40"]
[WhiteElo "2291"]
[BlackElo "2462"]
[Annotator "ChessBase"]
[PlyCount "149"]
[EventDate "2020.02.14"]
[EventType "swiss"]
[EventCountry "IRI"]
[SourceTitle "playchess.com"]
[Source "ChessBase"]
[SourceQuality "1"]
[TimeControl "5400+30"]

1. d4 Nf6 2. c4 e6 3. g3 d5 4. Nf3 Bb4+ 5. Bd2 Be7 6. Bg2 O-O 7. O-O c6 8. Qb3 Ne4 9. Bb4 Bxb4 10. Qxb4 a5 11. Qb3 b5 12. cxb5 cxb5 13. Rc1 b4 14. Nbd2 Nxd2 15. Nxd2 Ba6 16. e3 Nd7 17. a3 bxa3 18. Qxa3 Bb5 19. Rc3 a4 20. Rac1 h5 21. Nf3 Be2 22. Rc7 Bxf3 23. Bxf3 h4 24. Qd6 Nf6 25. Qf4 Qb8 26. R1c2 Ne8 27. R7c6 hxg3 28. hxg3 Qxf4 29. gxf4 g6 30. Be2 Nf6 31. Ba6 Kg7 32. Bc8 Rd8 33. Kg2 Rb8 34. Kf3 Ne4 35. Rc7 Rd6 36. Bd7 Ra6 37. Rc8 Rb4 38. R8c7 Kf6 39. Bc8 Ra8 40. Rd7 Rc4 41. Rc7 Nd2+ 42. Kg4 Rxc2 43. Rxc2 Nc4 44. Bd7 Ra5 45. Re2 Ke7 46. Bxa4 f5+ 47. Kg5 Rxa4 48. b3 Ra1 49. bxc4 Rg1+ 50. Kh4 dxc4 51. Rc2 Kd6 52. Rxc4 Kd5 53. Rc5+ Ke4 54. Kh3 Kf3 55. Kh2 Rg2+ 56. Kh3 Rg1 57. Kh2 Rg4 58. Rc2 Rg2+ 59. Kh3 Rg1 60. Kh4 g5+ 61. Kh5 g4 62. Kg5 Rg2 63. Rc6 Rxf2 64. Rxe6 g3 65. Kxf5 g2 66. Rg6 Rd2 67. Ke6 Re2 68. d5 Rxe3+ 69. Kd7 Re4 70. d6 Rxf4 71. Rxg2 Kxg2 72. Kc7 Rc4+ 73. Kb7 Rd4 74. Kc7 Rxd6 75. Kxd6 1/2-1/2

[Event "18th Caspian Cup-A 2020"]
[Site "Rasht"]
[Date "2020.02.16"]
[Round "4.6"]
[White "Harutjunyan, Gevorg"]
[Black "Khademi, Mohammad Miran"]
[Result "1-0"]
[ECO "C23"]
[WhiteElo "2444"]
[BlackElo "2301"]
[Annotator "ChessBase"]
[PlyCount "55"]
[EventDate "2020.02.14"]
[EventType "swiss"]
[EventCountry "IRI"]
[SourceTitle "playchess.com"]
[Source "ChessBase"]
[SourceQuality "1"]
[TimeControl "5400+30"]

1. e4 e5 2. Bc4 c6 3. Nf3 d6 4. d4 Qc7 5. Ng5 Nh6 6. O-O Nd7 7. c3 Nf6 8. Bb3 Be7 9. f4 exd4 10. cxd4 d5 11. e5 Ne4 12. Nxe4 dxe4 13. Nc3 Bf5 14. h3 Rd8 15. Be3 Rg8 16. d5 cxd5 17. Nxd5 Qa5 18. Rc1 Kf8 19. Rf2 g5 20. Qh5 Rxd5 21. Qxh6+ Ke8 22. Bxd5 Qxd5 23. Rd2 Qa5 24. e6 Bxe6 25. Qxh7 Kf8 26. fxg5 Qe5 27. Rf2 Bd6 28. Rc8+ 1-0

[Event "18th Caspian Cup-A 2020"]
[Site "Rasht"]
[Date "2020.02.16"]
[Round "4.7"]
[White "Mirzoev, Azer"]
[Black "Khoshkalam, Seyed Mehrab"]
[Result "1/2-1/2"]
[ECO "E21"]
[WhiteElo "2439"]
[BlackElo "2280"]
[Annotator "ChessBase"]
[PlyCount "167"]
[EventDate "2020.02.14"]
[EventType "swiss"]
[EventCountry "IRI"]
[SourceTitle "playchess.com"]
[Source "ChessBase"]
[SourceQuality "1"]
[TimeControl "5400+30"]

1. d4 Nf6 2. Nf3 e6 3. c4 b6 4. Nc3 Bb7 5. Bg5 Bb4 6. Qb3 c5 7. a3 Bxc3+ 8. Qxc3 h6 9. Bh4 g5 10. Bg3 Ne4 11. Qd3 Nxg3 12. hxg3 Qf6 13. O-O-O Bxf3 14. exf3 Qxd4 15. Qxd4 cxd4 16. Rxd4 Nc6 17. Rd1 Rc8 18. b3 Ke7 19. g4 e5 20. Kb2 Nd4 21. Bd3 d6 22. Be4 Kf6 23. g3 Kg7 24. f4 f6 25. a4 Rc7 26. Rh5 a6 27. Bd3 Rc5 28. Rhh1 Rc7 29. Rd2 Re7 30. Be4 Rb8 31. Rc1 Ra7 32. Bd3 Rc7 33. Rdd1 Rbc8 34. Re1 Rh8 35. Be4 Re7 36. Rcd1 Ra7 37. Bd5 Rf8 38. f3 Rc7 39. Be4 Rb8 40. fxg5 hxg5 41. Rh1 Rh8 42. Rxh8 Kxh8 43. Rh1+ Kg8 44. b4 a5 45. bxa5 bxa5 46. Kc3 Rc8 47. Rb1 Kf8 48. Rb6 Ke7 49. Rb7+ Kf8 50. Bd5 Ke8 51. Kd3 Kd8 52. Rf7 Rb8 53. Rxf6 Rb3+ 54. Ke4 Ke7 55. Rf7+ Ke8 56. Rf6 Ke7 57. Rf7+ Ke8 58. c5 Rb4 59. Rb7 Ne6+ 60. Kf5 Rxb7 61. Bxb7 Nxc5 62. Bc6+ Ke7 63. Kxg5 d5 64. Bxd5 Nxa4 65. Kf5 Nc3 66. Kxe5 a4 67. Bc4 a3 68. f4 a2 69. Bxa2 Nxa2 70. g5 Nb4 71. g4 Kf7 72. f5 Nc6+ 73. Kd6 Ne7 74. Kd7 Ng6 75. Kd6 Ne7 76. Kc5 Ng6 77. Kd4 Ne7 78. Ke4 Kg8 79. Kf4 Kf7 80. Kg3 Nd5 81. g6+ Kf6 82. Kf3 Ne7 83. Kf4 Nxg6+ 84. fxg6 1/2-1/2

[Event "18th Caspian Cup-A 2020"]
[Site "Rasht"]
[Date "2020.02.16"]
[Round "4.8"]
[White "Mosadeghpour, Masoud"]
[Black "Jahedi, Mani"]
[Result "1-0"]
[ECO "B32"]
[WhiteElo "2499"]
[BlackElo "2127"]
[Annotator "RC"]
[PlyCount "115"]
[EventDate "2020.02.14"]
[EventType "swiss"]
[EventCountry "IRI"]
[SourceTitle "playchess.com"]
[Source "ChessBase"]
[SourceQuality "1"]
[TimeControl "5400+30"]

1. e4 c5 2. Nf3 Nc6 3. d4 cxd4 4. c3 Nf6 5. e5 Nd5 6. Bc4 Nb6 7. Bb3 d6 8. exd6 Qxd6 9. O-O Be6 10. Na3 Bxb3 11. Qxb3 e6 12. Nb5 Qd7 13. Nbxd4 Nxd4 14. Nxd4 Be7 15. Rd1 O-O 16. Nf5 Qc7 17. Nxe7+ Qxe7 18. Bf4 Nd5 19. Bg3 Rfd8 20. Rd4 Rd7 21. Rad1 Rad8 22. h3 Nb6 23. Bh4 g5 24. Rxd7 Nxd7 25. Bg3 Nc5 26. Rxd8+ Qxd8 27. Qb5 Ne4 28. Be5 b6 29. Bd4 f6 30. Qc6 Qd5 31. Qe8+ Kg7 32. Qe7+ Kg8 33. Bxf6 Nxf6 34. Qxf6 Qxa2 35. Qxg5+ Kf7 36. Qf4+ Kg6 37. Qe4+ Kg7 38. Qd4+ Kg6 39. Qd3+ Kg7 40. Qd2 h6 41. h4 Kg6 42. Qe2 Qd5 43. Qg4+ Kf6 44. Qf4+ Kg6 45. g4 Qd1+ 46. Kg2 Qd5+ 47. Kh2 Qb3 48. h5+ Kg7 49. Qc7+ Kg8 50. Qb8+ Kg7 51. Qxa7+ Kg8 52. Qb8+ Kg7 53. Qe5+ Kf7 54. Qf4+ Kg7 55. Qe4 Qxb2 56. Qg6+ Kf8 57. Qxh6+ Ke7 58. Qe3 1-0

[Event "18th Caspian Cup-A 2020"]
[Site "Rasht"]
[Date "2020.02.19"]
[Round "9.2"]
[White "Tahbaz, Arash"]
[Black "Harutjunyan, Gevorg"]
[Result "1-0"]
[ECO "A48"]
[WhiteElo "2461"]
[BlackElo "2444"]
[Annotator "ChessBase"]
[PlyCount "115"]
[EventDate "2020.02.14"]
[EventType "swiss"]
[EventCountry "IRI"]
[SourceTitle "playchess.com"]
[Source "ChessBase"]
[SourceQuality "1"]
[TimeControl "5400+30"]

1. d4 Nf6 2. Nf3 g6 3. Bg5 Bg7 4. Nbd2 O-O 5. c3 d6 6. e4 c5 7. dxc5 dxc5 8. Bc4 Nc6 9. Qe2 Qc7 10. O-O b6 11. Rfe1 h6 12. Bh4 Nh5 13. e5 Na5 14. Bb5 a6 15. Ba4 Bf5 16. Ne4 Nf4 17. Qe3 g5 18. Bg3 Nc4 19. Qc1 Nd3 20. Qc2 Nxe1 21. Rxe1 e6 22. Qe2 b5 23. Bb3 Qc6 24. Nf6+ Bxf6 25. exf6 g4 26. Nh4 Rad8 27. Bf4 h5 28. Bxc4 bxc4 29. Bh6 Rfe8 30. h3 Qd5 31. Qe3 Bg6 32. Qf4 e5 33. Qg5 e4 34. Nxg6 Qxg5 35. Bxg5 fxg6 36. f7+ Kxf7 37. Bxd8 Rxd8 38. hxg4 hxg4 39. Rxe4 Rd1+ 40. Kh2 Rd2 41. Kg3 Rxb2 42. a4 Ra2 43. Rxc4 Kf6 44. Rf4+ Ke5 45. Rxg4 Kd5 46. Rg5+ Kc4 47. Rxg6 a5 48. f4 Rxa4 49. f5 Kd5 50. Re6 Ra1 51. Kf2 a4 52. Re2 a3 53. f6 a2 54. f7 Rf1+ 55. Kxf1 a1=Q+ 56. Kf2 Qa8 57. Re8 Qa2+ 58. Kg3 1-0

[Event "18th Caspian Cup-A 2020"]
[Site "Rasht"]
[Date "2020.02.19"]
[Round "9.4"]
[White "Daneshvar, Bardiya"]
[Black "Mosadeghpour, Masoud"]
[Result "1-0"]
[ECO "A14"]
[WhiteElo "2327"]
[BlackElo "2499"]
[Annotator "ChessBase"]
[PlyCount "111"]
[EventDate "2020.02.14"]
[EventType "swiss"]
[EventCountry "IRI"]
[SourceTitle "playchess.com"]
[Source "ChessBase"]
[SourceQuality "1"]
[TimeControl "5400+30"]

1. Nf3 Nf6 2. c4 e6 3. g3 d5 4. Bg2 Be7 5. O-O O-O 6. b3 a5 7. Nc3 Nbd7 8. d4 Nb6 9. Qd3 c5 10. Be3 dxc4 11. bxc4 Ng4 12. Rab1 Nd7 13. d5 Nxe3 14. Qxe3 Nb6 15. Qd3 exd5 16. Nxd5 Nxd5 17. cxd5 b6 18. Ne5 Ba6 19. Qb3 Bd6 20. Nc6 Qc7 21. Qxb6 Qxb6 22. Rxb6 Bxe2 23. Re1 Bd3 24. Bf1 Bxf1 25. Kxf1 a4 26. Rb7 Rfc8 27. Re4 a3 28. Ke2 Re8 29. Rxe8+ Rxe8+ 30. Kd3 f5 31. Rd7 Bf8 32. Rd8 Re1 33. d6 Kf7 34. d7 Be7 35. Ra8 Rd1+ 36. Kc2 Rd6 37. d8=Q Bxd8 38. Nxd8+ Ke7 39. Nb7 Rb6 40. Nxc5 Rb2+ 41. Kc3 Rxf2 42. Rxa3 Rxh2 43. Kd4 Kf7 44. Ra7+ Kg6 45. Ne6 h5 46. Nf4+ Kh6 47. Ke5 Rb2 48. Kxf5 Rb5+ 49. Ke4 Rg5 50. Kf3 Rf5 51. Kg2 h4 52. Kh3 hxg3 53. Kxg3 Rf6 54. a4 g5 55. Ng2 Rb6 56. Ne3 1-0

[Event "18th Caspian Cup-A 2020"]
[Site "Rasht"]
[Date "2020.02.19"]
[Round "9.5"]
[White "Quparadze, Giga"]
[Black "Omidi, Arya"]
[Result "1/2-1/2"]
[ECO "B01"]
[WhiteElo "2462"]
[BlackElo "2317"]
[Annotator "ChessBase"]
[PlyCount "221"]
[EventDate "2020.02.14"]
[EventType "swiss"]
[EventCountry "IRI"]
[SourceTitle "playchess.com"]
[Source "ChessBase"]
[SourceQuality "1"]
[TimeControl "5400+30"]

1. e4 d5 2. exd5 Qxd5 3. Nc3 Qa5 4. d4 Nf6 5. Bd2 c6 6. Nf3 Bf5 7. Bc4 Nbd7 8. Qe2 Qc7 9. O-O-O e6 10. Nh4 Bg6 11. g3 O-O-O 12. Bb3 Nb6 13. Nxg6 hxg6 14. Bg5 Be7 15. h4 Rd7 16. Ne4 Qd8 17. Nc5 Bxc5 18. dxc5 Nbd5 19. c4 Nc7 20. Qe5 Rxd1+ 21. Rxd1 Qe7 22. Bc2 Rd8 23. Rd6 Nce8 24. Rxd8+ Qxd8 25. a3 Nd7 26. Qe1 f6 27. Be3 Nc7 28. Qe2 Qe8 29. Qg4 f5 30. Qd1 e5 31. h5 Ne6 32. hxg6 Qxg6 33. g4 e4 34. f3 Nexc5 35. gxf5 Qxf5 36. fxe4 Qe6 37. Qd4 Qf6 38. Kd2 b6 39. b4 Ne6 40. Qxf6 gxf6 41. Kc3 c5 42. Bd1 Ne5 43. Bc2 Kc7 44. b5 Ng4 45. Bc1 Kd6 46. Kd3 Ke5 47. Bb2+ Nd4 48. a4 Nf2+ 49. Ke3 Nh3 50. Bc3 Nf4 51. Bd3 Ng2+ 52. Kf2 Nf4 53. Ke3 Ng6 54. a5 Nf4 55. Bf1 Nfe6 56. a6 Nf4 57. Bb2 Nfe6 58. Ba1 Kd6 59. Bc3 Ke5 60. Bh3 Nf4 61. Bc8 Ng2+ 62. Kf2 Nf4 63. Bb7 Nfe6 64. Ke3 Ng5 65. Ba5 Nge6 66. Bc3 Nf4 67. Bd5 Ng2+ 68. Kf2 Nf4 69. Bd2 Nb3 70. Be3 Nd4 71. Kg3 Nxd5 72. exd5 Nxb5 73. Bxc5 Nc7 74. d6 Ne6 75. Bxb6 Kxd6 76. Bxa7 Kc6 77. Be3 f5 78. Kf3 Nc7 79. a7 Kb7 80. Kf4 Ne8 81. Ke5 f4 82. Kxf4 Nd6 83. c5 Nb5 84. c6+ Ka8 85. Ke5 Nc7 86. Kd6 Ne8+ 87. Kd7 Nc7 88. Bf4 Nd5 89. Kd6 Nb6 90. Be3 Nc8+ 91. Ke6 Ne7 92. c7 Nc8 93. Bd4 Kb7 94. a8=Q+ Kxa8 95. Kd7 Kb7 96. Bc5 Ka8 97. Kc6 Nb6 98. Kd6 Nc8+ 99. Kd7 Kb7 100. Kd8 Ka8 101. Bb4 Kb7 102. Ba5 Na7 103. Kd7 Nc8 104. Bd2 Nb6+ 105. Kd8 Nc8 106. Be3 Nd6 107. Bd4 Nc8 108. Bc5 Ka8 109. Bd4 Kb7 110. Kd7 Ka8 111. Kxc8 1/2-1/2

[Event "18th Caspian Cup-A 2020"]
[Site "Rasht"]
[Date "2020.02.19"]
[Round "9.6"]
[White "Babaniya, Benyamin"]
[Black "Gholami Orimi, Mahdi"]
[Result "0-1"]
[ECO "B06"]
[WhiteElo "2180"]
[BlackElo "2434"]
[Annotator "NA"]
[PlyCount "108"]
[EventDate "2020.02.14"]
[EventType "swiss"]
[EventCountry "IRI"]
[SourceTitle "playchess.com"]
[Source "ChessBase"]
[SourceQuality "1"]
[TimeControl "5400+30"]

1. e4 g6 2. d4 Bg7 3. Nc3 c6 4. f4 d5 5. e5 Nh6 6. Nf3 f6 7. Bd3 Bg4 8. O-O O-O 9. Be3 e6 10. Be2 Nf5 11. Bf2 Bxf3 12. Bxf3 fxe5 13. dxe5 Nd7 14. Ne2 Kh8 15. Qe1 g5 16. g3 Qe8 17. Kh1 Qg6 18. Qd1 Nb6 19. fxg5 Qxg5 20. Nf4 Qh6 21. Qe2 Nc4 22. Nh5 Nd2 23. Bc5 Nxf1 24. Bxf8 N1xg3+ 25. hxg3 Nxg3+ 26. Kg2 Nxh5 27. Bxh5 Rxf8 28. Rf1 Rxf1 29. Kxf1 Qf4+ 30. Qf3 Qxf3+ 31. Bxf3 Kg8 32. b3 Bxe5 33. Kg2 Kf7 34. Bh5+ Ke7 35. Kf3 Bf6 36. Kf4 h6 37. Bg6 Kd6 38. Bf7 Bg5+ 39. Kg4 b5 40. a4 b4 41. Bg6 c5 42. Bh7 Ke5 43. Bg8 c4 44. Kf3 cxb3 45. cxb3 h5 46. Bf7 h4 47. Kg4 Bd8 48. Bg8 Kd6 49. Bh7 e5 50. Bf5 Kc5 51. Kf3 Kd4 52. Be6 e4+ 53. Ke2 Ke5 54. Bc8 d4 0-1

[Event "18th Caspian Cup-A 2020"]
[Site "Rasht"]
[Date "2020.02.19"]
[Round "9.7"]
[White "Daghli, Arash"]
[Black "Khoshkalam, Seyed Mehrab"]
[Result "1-0"]
[ECO "A85"]
[WhiteElo "2424"]
[BlackElo "2280"]
[Annotator "NA"]
[PlyCount "71"]
[EventDate "2020.02.14"]
[EventType "swiss"]
[EventCountry "IRI"]
[SourceTitle "playchess.com"]
[Source "ChessBase"]
[SourceQuality "1"]
[TimeControl "5400+30"]

1. d4 f5 2. c4 Nf6 3. Nc3 g6 4. g3 Bg7 5. Bg2 O-O 6. Nf3 d6 7. O-O Qe8 8. b3 c6 9. Bb2 Na6 10. Re1 e5 11. e4 f4 12. Ba3 fxg3 13. hxg3 exd4 14. e5 Ng4 15. exd6 Qd8 16. d7 Bxd7 17. Bxf8 Qxf8 18. Ne4 c5 19. Nh2 Nxh2 20. Kxh2 Nc7 21. Qf3 Bf5 22. Kg1 h5 23. Qf4 Ne6 24. Qh4 Rd8 25. Rad1 d3 26. Re3 d2 27. Rxd2 Rxd2 28. Nxd2 Bf6 29. Qh1 Bd4 30. Re2 Bd3 31. Rxe6 Bxf2+ 32. Kh2 h4 33. Bf3 Bxg3+ 34. Kg2 Qf4 35. Ne4 h3+ 36. Qxh3 1-0

[Event "18th Caspian Cup-A 2020"]
[Site "Rasht"]
[Date "2020.02.19"]
[Round "9.8"]
[White "Evdokimov, Alexander A."]
[Black "Azadi, Amirmohammad"]
[Result "0-1"]
[ECO "E61"]
[WhiteElo "2490"]
[BlackElo "2155"]
[Annotator "ChessBase"]
[PlyCount "94"]
[EventDate "2020.02.14"]
[EventType "swiss"]
[EventCountry "IRI"]
[SourceTitle "playchess.com"]
[Source "ChessBase"]
[SourceQuality "1"]
[TimeControl "5400+30"]

1. d4 Nf6 2. c4 g6 3. Nc3 c5 4. d5 d6 5. e4 Bg7 6. h3 O-O 7. Nf3 Na6 8. Bd3 Nc7 9. O-O a6 10. a4 e5 11. Bg5 h6 12. Be3 Nh5 13. Qd2 g5 14. Ne2 a5 15. Nh2 Nf4 16. Ng3 Ne8 17. Be2 Nf6 18. Ng4 Nh7 19. Nh2 Nf6 20. Bg4 Nxe4 21. Nxe4 f5 22. Bf3 fxe4 23. Bxe4 Ra6 24. Ra3 Bd7 25. Qc2 Rb6 26. Re1 Qf6 27. Ng4 Qf7 28. Rc3 h5 29. Nh2 Bh6 30. Bxf4 gxf4 31. Bg6 Qg7 32. Bxh5 Bf5 33. Qe2 e4 34. Bg4 Bh7 35. Be6+ Kh8 36. Ng4 Bg5 37. Ra1 Qd4 38. Kh2 f3 39. gxf3 Bd2 40. Rca3 Rxb2 41. Qd1 e3 42. Kg2 Be4 43. fxe4 Qxe4+ 44. Kh2 Bc3 45. R3a2 Be5+ 46. Kg1 exf2+ 47. Nxf2 Bh2+ 0-1